 Dungeon Crawl Stone Soup version 0.30.1-11-g7821555f0a (webtiles) character file.

Game seed: 12395708753331727987

290 Eryximachus the Digger (level 6, 0/36 HPs)
             Began as an Octopode Earth Elementalist on Dec 1, 2023.
             Killed from afar by an oklob sapling (36 damage)
             ... with a splash of acid
             ... on level 4 of the Dungeon.
             The game lasted 00:09:49 (3796 turns).

Eryximachus the Digger (OpEE)                       Turns: 3796, Time: 00:09:50

Health: 0/36       AC:  1    Str:  7    XL:     6   Next: 32%
Magic:  9/9        EV: 13    Int: 19    God:
Gold:   154        SH:  0    Dex: 13    Spells: 3/9 levels left

rFire   . . .        i - +2 short sword (drain)
rCold   . . .        (no shield)
rNeg    . . .        (helmet restricted)
rPois   .            (no amulet)
rElec   .            (no ring)
rCorr   .            (no ring)
SInv    .            (no ring)
Will    .....        (no ring)
Stlth   +++          (no ring)
HPRegen 0.26/turn    (no ring)
MPRegen 0.11/turn    (no ring)
                     (no ring)

%: no passive effects
@: no status effects
A: almost no armour, amphibious, 8 rings, camouflage 1, gelatinous body 1,
(nimble swimmer 1), tentacles
a: no special abilities


You were on level 4 of the Dungeon.
You visited 1 branch of the dungeon, and saw 4 of its levels.

You collected 154 gold pieces.


Innate Abilities, Weirdness & Mutations

You cannot wear most types of armour.
You are amphibious.
You can wear up to eight rings at the same time.
Your skin changes colour to match your surroundings (Stealth+).
Your rubbery body absorbs attacks. (AC +1, EV +1)
((You are camouflaged when in or above water. (Stealth+)))
You have tentacles for arms and can constrict up to eight enemies at once.


   Skills:
 - Level 2.0 Dodging
 - Level 3.0 Stealth
 - Level 2.0 Spellcasting
 + Level 3.2 Conjurations
 - Level 3.0 Transmutations
 - Level 5.0 Earth Magic


You had 3 spell levels left.
You knew the following spells:

 Your Spells              Type           Power      Damage    Failure   Level
a - Passwall              Tmut/Erth      14%        N/A       4%          2
w - Stone Arrow           Conj/Erth      34%        3d9       10%         3
z - Sandblast             Erth           40%        2d10      2%          1

Your spell library contained the following spells:

 Spells                   Type           Power      Damage    Failure   Level
 Sting                    Tmut/Pois      28%        1d4       9%          1
 Apportation              Tloc           2%         N/A       17%         1
 Necrotise                Necr           4%         1d4       17%         1
 Summon Small Mammal      Summ           4%         N/A       17%         1
 Poisonous Vapours        Pois/Air       2%         N/A       26%         2
 Frozen Ramparts          Ice            2%         1d1       45%         3
 Ozocubu's Armour         Ice            1%         N/A       45%         3
 Petrify                  Tmut/Erth      17%        N/A       32%         4
 Ice Form                 Ice/Tmut       7%         N/A       65%         4
 Olgreb's Toxic Radiance  Pois           1%         N/A       86%         4
 Summon Ice Beast         Ice/Summ       1%         N/A       86%         4
 Metabolic Englaciation   Hex/Ice        0%         N/A       99%         5
 Simulacrum               Ice/Necr       0%         N/A       100%        6

Inventory:

Hand Weapons
 i - a +2 short sword of draining (weapon)
Missiles
 b - a throwing net {=f}
 e - 21 stones (quivered)
Scrolls
 f - 2 scrolls of poison {unknown}
 g - 3 scrolls of identify {unknown}
 h - 2 scrolls of teleportation {unknown}
 l - a scroll of brand weapon {unknown}
 m - a scroll of noise {unknown}
 p - a scroll of magic mapping {unknown}
 q - a scroll of amnesia {unknown}
Potions
 a - a potion of magic
 c - 2 potions of attraction {unknown}
 d - a potion of haste {unknown}
 j - a potion of mutation {unknown}
 k - a potion of brilliance {unknown}
 n - 2 potions of heal wounds {unknown}
 o - a potion of curing {unknown}

Dungeon Overview and Level Annotations

Branches:
Dungeon (4/15)             Temple (0/1) D:4

Altars:
Ru
Trog

Shops:
D:1 ?

Annotations:
D:2 Sigmund
D:4 exclusion: oklob sapling

##.##.######
##.....#.....
......##..###. ##
###...##.####< .##
##......###.. ..##
#...#...##..#
#..####..(###.....#
######........# ##....#
#.P.P.@...#.#.###.....#
#.....P.#.#.#.#.......#
#PP.PP.P......#[.#..รท.#
#...>.PP..$............
#.PP..P...#.....#######
#....PP...##.#...#
#..P..P.P.##.....#
.o..##.#...?.#...#
.##.o......#...##


You could see an oklob sapling and an orc (wandering).


Message History

Throw: 22 stones
Press: ? - help, Q - select action, (/) - cycle Shift-Dir - straight line, f/p - jelly
Aim: a jelly (lightly wounded, 89% to hit)
You throw a stone.
The stone hits the jelly but does no damage.
The jelly is lightly wounded.
Casting: Sandblast (safe; 2% risk of failure)
Confirm with . or Enter, or press ? or * to list all spells.
Aiming: Sandblast (safe; 2% risk of failure)
Press: ? - help, Shift-Dir - straight line, f/p - jelly
Aim: a jelly (lightly wounded, 100% to hit)
The blast of sand hits the jelly!
You kill the jelly!
Your Conjurations skill increases to level 3!
Unknown command.
You start resting.
Magic restored.
Found 4 stones.
You now have 154 gold pieces (gained 15).
An oklob sapling comes into view.
Found a staircase to the Ecumenical Temple.
Marking area around an oklob sapling as unsafe for travelling.
Unknown command.
You see here 18 gold pieces.
An orc comes into view. It is wielding a +0 dagger.
An orc comes into view. It is wielding a +0 short sword.
The oklob sapling spits acid at you. The splash of acid hits you!!!
Ouch! That really hurt!
You die...

Skill      XL: |  1  2  3  4  5  6 |
---------------+-------------------+-----
Stealth        | 3 |  3.0
Transmutations | 2 3 |  3.0
Earth Magic    | 4 5 |  5.0
Conjurations   | 2 3 |  3.2
Dodging        | |  2.0
Spellcasting   | |  2.0

Action                     |  1- 3 |  4- 6 || total
---------------------------+-------+-------++-------
  Melee: Short sword       |    20 |    59 ||    79
         Constrict         |     2 |    15 ||    17
         Tentacles         |     1 |     8 ||     9
         Punch             |     1 |       ||     1
  Throw: Stone             |     1 |     3 ||     4
   Cast: Sandblast         |    17 |    40 ||    57
   Stab: Sleeping          |     3 |     6 ||     9
         Distracted        |       |     1 ||     1
 Armour: Skin              |     7 |     7 ||    14
  Dodge: Dodged            |    18 |    39 ||    57

Levels and vault maps discovered:
D:1:      eino_arrival_druids_welcome, layout_basic, serial_shops,
          nicolae_shop_window_shopping
D:2:      layout_loops_corners, serial_forest, infiniplex_forest_straight_3,
          infiniplex_forest_lined_3, infiniplex_forest_end_3,
          infiniplex_forest_end_3, uniq_sigmund, uniq_jessica
D:3:      layout_rooms, nicolae_ru_the_path_less_chosen, trog_wizard,
          serial_forest, infiniplex_forest_clump_medium,
          infiniplex_forest_fountain, infiniplex_forest_corner_1,
          infiniplex_forest_straight_3, infiniplex_forest_end_2
D:4:      layout_rooms, marbit_many_paths, minmay_temple_entry_oklob

Notes
Turn   | Place    | Note
-------+----------+-------------------------------------------
     0 | D:1      | Eryximachus the Octopode Earth Elementalist began the quest
                  | for the Orb.
     0 | D:1      | Reached XP level 1. HP: 11/11 MP: 3/3
    56 | D:1      | Reached skill level 3 in Stealth
   166 | D:1      | Reached XP level 2. HP: 17/17 MP: 1/5
   542 | D:1      | Found Jyipluti's Magic Scroll Shoppe.
   825 | D:2      | Noticed Jessica
   855 | D:2      | Killed Jessica
   856 | D:2      | Reached skill level 2 in Transmutations
   856 | D:2      | Reached XP level 3. HP: 21/21 MP: 3/6
   887 | D:2      | Learned a level 2 spell: Passwall
  1055 | D:2      | Reached XP level 4. HP: 15/27 MP: 7/7
  1135 | D:2      | Reached skill level 4 in Earth Magic
  1242 | D:2      | Noticed Sigmund
  1291 | D:2      | Reached skill level 3 in Transmutations
  1726 | D:2      | Reached XP level 5. HP: 31/31 MP: 6/8
  1730 | D:2      | Learned a level 3 spell: Stone Arrow
  2588 | D:3      | Reached skill level 1 in Conjurations
  2735 | D:3      | Reached skill level 5 in Earth Magic
  2904 | D:3      | Found a bloodstained altar of Trog.
  2905 | D:3      | Noticed a wizard
  2910 | D:3      | Killed a wizard
  3042 | D:3      | Found a sacrificial altar of Ru.
  3276 | D:3      | Reached skill level 2 in Conjurations
  3276 | D:3      | Reached XP level 6. HP: 16/36 MP: 6/9
  3774 | D:4      | Reached skill level 3 in Conjurations
  3791 | D:4      | Found a staircase to the Ecumenical Temple.
  3796 | D:4      | Killed from afar by an oklob sapling

Vanquished Creatures
  A jelly (D:4)
  Jessica (D:2)
  A sleepcap (D:3)
  An orc wizard (D:4)
  7 adders
  4 gnolls
  A worm (D:2)
  2 dart slugs
  3 orcs
  8 ball pythons
  8 bats
  3 endoplasms
  3 giant cockroaches
  6 goblins
  8 hobgoblins
  2 jackals (D:4)
  4 kobolds
  3 quokkas
  7 frilled lizards
  8 rats
81 creatures vanquished.

Vanquished Creatures (others)
  A wizard (D:3)
1 creature vanquished.

Grand Total: 82 creatures vanquished

Table legend: (Time is in decaauts)
 A = Elapsed time spent in this place.
 B = Non-inter-level travel time spent in this place.
 C = Inter-level travel time spent in this place.
 D = Time resting spent in this place.
 E = Time spent auto-exploring this place.
 F = Levels seen in this place.
 G = Mean time per level.
                   A        B        C        D        E       F      G
               +--------+--------+--------+--------+--------+-----+--------+
         Total |   3824 |   3750 |     74 |   1145 |   1692 |   4 |  956.0 |
       Dungeon |   3824 |   3750 |     74 |   1145 |   1692 |   4 |  956.0 |
               +--------+--------+--------+--------+--------+-----+--------+

Top non-repeatable levels by time:
     D:2: 1503 daAuts
     D:3: 1332 daAuts
     D:1: 826 daAuts
     D:4: 163 daAuts

Table legend:
 A = Non-vault XP
 B = Vault XP
 C = Vault XP percentage of total XP
 D = Non-vault monster count
 E = Vault monster count
 F = Vault count percentage of total count
                 A         B        C        D         E       F
            +---------+---------+-------+---------+---------+-------
      Total |     378 |      37 |   8.9 |      80 |       1 |   1.2
            +---------+---------+-------+---------+---------+-------
        D:1 |      30 |       0 |   0.0 |      18 |       0 |   0.0
        D:2 |     116 |      37 |  24.2 |      27 |       1 |   3.6
        D:3 |     140 |       0 |   0.0 |      27 |       0 |   0.0
        D:4 |      92 |       0 |   0.0 |       8 |       0 |   0.0
            +---------+---------+-------+---------+---------+-------
